 Dungeon Crawl Stone Soup version 0.31-a0-731-ga75f04deac (webtiles) character file.

Game seed: 6504842599567905877

84 Ijustatesigmund the Magician (level 4, -3/25 HPs)
             Began as a Deep Elf Fire Elementalist on Sept 12, 2023.
             Slain by a gnoll
             ... wielding a +0 club
              (6 damage)
             ... on level 3 of the Dungeon.
             The game lasted 00:04:27 (2656 turns).

Ijustatesigmund the Magician (DEFE)                 Turns: 2656, Time: 00:04:27

Health: -3/25      AC:  4    Str:  5    XL:     4   Next: 23%
Magic:  9/12       EV: 12    Int: 22    God:
Gold:   56         SH:  0    Dex: 15    Spells: 8/11 levels left

rFire   . . .        c - +3 dagger (drain)
rCold   . . .        (no shield)
rNeg    . . .        a - +0 robe
rPois   .            j - +1 helmet
rElec   .            (no cloak)
rCorr   .            (no gloves)
SInv    .            (no boots)
Will    .....        (no amulet)
Stlth   ++           (no ring)
HPRegen 0.24/turn    (no ring)
MPRegen 0.13/turn

%: no passive effects
@: no status effects
A: no striking features
a: no special abilities


You were on level 3 of the Dungeon.
You visited 1 branch of the dungeon, and saw 4 of its levels.

You collected 153 gold pieces.
You spent 97 gold pieces at shops.

Inventory:

Hand Weapons
 c - a +3 dagger of draining (weapon)
Armour
 a - a +0 robe (worn)
 d - a +0 buckler
 j - a +1 helmet (worn)
Jewellery
 h - a ring of resist corrosion
Scrolls
 f - a scroll of enchant armour
 g - 2 scrolls of identify
 l - a scroll of revelation
 m - a scroll of enchant weapon
Potions
 b - 2 potions of magic
 e - a potion of brilliance
 i - a potion of curing
 k - a potion of enlightenment {unknown}


   Skills:
 + Level 1.4 Fighting
 - Level 2.4 Dodging
 - Level 2.4 Stealth
 + Level 4.0 Spellcasting
 + Level 2.3 Conjurations
 + Level 3.9 Fire Magic


You had 8 spell levels left.
You knew the following spells:

 Your Spells              Type           Power      Damage    Failure   Level
a - Foxfire               Conj/Fire      72%        2x1d7     3%          1
b - Scorch                Fire           42%        2d6       3%          2

Your spell library contained the following spells:

 Spells                   Type           Power      Damage    Failure   Level
 Sandblast                Erth           8%         2d5       11%         1
 Inner Flame              Hex/Fire       13%        N/A       16%         3
 Volatile Blastmotes      Fire/Tloc      26%        2d12      16%         3
 Flame Wave               Conj/Fire      18%        2d7       30%         4


Dungeon Overview and Level Annotations

Branches:
Dungeon (4/15)
 Temple: D:4-7

Altars:

Shops:
D:2 ?

Annotations:
D:3 1 transporter, Essalna's ghost, amateur DsCj


Message History

You climb upwards.
Level annotation: 1 transporter, Essalna's ghost, amateur DsCj The gnoll closely misses you.
There is a stone staircase leading down here.
HP restored.
The gnoll hits you with a +0 club. x2
You climb downwards.
There is a stone staircase leading up here.
Casting: Foxfire (safe; 3% risk of failure)
Confirm with . or Enter, or press ? or * to list all spells.
Flames lash the gnoll.
The gnoll is almost dead.
The gnoll's fire resistance burns away.
The gnoll hits you but does no damage. The gnoll hits you with a +0 club.
The gnoll completely misses you. The gnoll hits you but does no damage.
Casting: Scorch (safe; 3% risk of failure)
Confirm with . or Enter, or press ? or * to list all spells.
Flames lash the gnoll.
The gnoll is moderately wounded.
The gnoll's fire resistance burns away.
The gnoll completely misses you. The gnoll closely misses you.
The gnoll is no longer more vulnerable to fire.
The gnoll hits you with a +0 club.
A scorpion comes into view.
The gnoll hits you with a +0 club.
* * * LOW HITPOINT WARNING * * *
The gnoll completely misses you. The gnoll hits you with a +0 club.
* * * LOW HITPOINT WARNING * * *
You climb upwards.
Level annotation: 1 transporter, Essalna's ghost, amateur DsCj The adder bites you.
* * * LOW HITPOINT WARNING * * *
The adder closely misses you.
There is a stone staircase leading down, spattered with blood here.
Okay, then.
You feel better.
The gnoll is no longer more vulnerable to fire.
The gnoll hits you with a +0 club.
* * * LOW HITPOINT WARNING * * *
The adder misses you. The gnoll hits you with a +0 club.
You die...

###
##.################
#.gSg......[.......
##@######....#####.
#g# #.##.# #. #.#
#.##.# #. #.#
#.##.# #. #.#
#.##.# #. #.#
#.##.# #.
#.######.##.# #.
#.....##[##.# #.
#.###.#...#.# #.


You could see 3 gnolls and an adder.

Vanquished Creatures
  2 adders
  2 worms
  A dart slug (D:1)
  2 orcs (D:3)
  8 ball pythons
  4 endoplasms
  3 giant cockroaches
  4 goblins
  3 hobgoblins
  3 jackals (D:2)
  6 bats
  3 frilled lizards (D:2)
  10 kobolds
  4 rats
55 creatures vanquished.

Vanquished Creatures (others)
  154 foxfires
154 creatures vanquished.

Grand Total: 209 creatures vanquished

Notes
Turn   | Place    | Note
-------+----------+-------------------------------------------
     0 | D:1      | Ijustatesigmund the Deep Elf Fire Elementalist began the
                  | quest for the Orb.
     0 | D:1      | Reached XP level 1. HP: 10/10 MP: 6/6
   228 | D:1      | Reached XP level 2. HP: 16/16 MP: 6/8
   231 | D:1      | Learned a level 2 spell: Scorch
   431 | D:1      | Found a faded altar of an unknown god.
   439 | D:1      | Got Plato's Compilation of the Crater
  1092 | D:2      | Reached skill level 1 in Fighting
  1109 | D:2      | Reached XP level 3. HP: 20/20 MP: 5/10
  1395 | D:2      | Found Hirepac's Magic Scroll Shop.
  1404 | D:2      | Bought a scroll of revelation for 97 gold pieces
  2194 | D:3      | Noticed Essalna's ghost (amateur DsCj)
  2204 | D:3      | Found a transporter.
  2284 | D:3      | Reached XP level 4. HP: 25/25 MP: 3/11
  2480 | D:3      | Reached skill level 4 in Spellcasting
  2653 | D:4      | Noticed a scorpion
  2656 | D:3      | Slain by a gnoll

Illustrated notes

Levels and vault maps discovered:
D:1:      minmay_arrival_four_houses, layout_basic,
          shapermc_ecumenical_altar_rom_forum, amcnicky_mini_corridor_feature
D:2:      layout_loops_ring, serial_shops, nicolae_shop_stone
D:3:      layout_loops_ring, serial_shops, shop, gammafunk_ghost_stat_death
D:4:      layout_basic, mainiacjoe_overflow_small_starburst,
          hangedman_decor_lopped, minmay_misc_feat_ornament

Skill      XL: |  1  2  3  4 |
---------------+-------------+-----
Fighting       | 1 |  1.4
Conjurations   | 2 |  2.3
Spellcasting   | 4 |  4.0
Dodging        | |  2.4
Stealth        | |  2.4
Fire Magic     | |  3.9

Action                     |  1- 3 |  4- 6 || total
---------------------------+-------+-------++-------
  Melee: Dagger            |     1 |     2 ||     3
   Cast: Foxfire           |    77 |    13 ||    90
         Scorch            |    15 |     4 ||    19
    Use: Scroll            |     7 |       ||     7
         Potion            |       |     1 ||     1
 Armour: Robe              |     8 |    14 ||    22
  Dodge: Dodged            |    12 |     9 ||    21

Table legend: (Time is in decaauts)
 A = Elapsed time spent in this place.
 B = Non-inter-level travel time spent in this place.
 C = Inter-level travel time spent in this place.
 D = Time resting spent in this place.
 E = Time spent auto-exploring this place.
 F = Levels seen in this place.
 G = Mean time per level.
                   A        B        C        D        E       F      G
               +--------+--------+--------+--------+--------+-----+--------+
         Total |   2656 |   2610 |     46 |    273 |   1931 |   4 |  664.0 |
       Dungeon |   2656 |   2610 |     46 |    273 |   1931 |   4 |  664.0 |
               +--------+--------+--------+--------+--------+-----+--------+

Top non-repeatable levels by time:
     D:2: 1094 daAuts
     D:1: 1083 daAuts
     D:3: 469 daAuts
     D:4: 8 daAuts
